 Dungeon Crawl Stone Soup version 0.30.1-3-gfc49f6343a (webtiles) character file.

Game seed: 10650551400840504916

1758 Gorgoleon the Carver (level 9, -1/94 HPs)
             Began as a Merfolk Gladiator on Aug 9, 2023.
             Slain by a gargoyle
             ... wielding a +0 mace
              (17 damage)
             ... on level 6 of the Dungeon.
             The game lasted 00:16:42 (5470 turns).

Gorgoleon the Carver (Merfolk Gladiator)            Turns: 5470, Time: 00:16:43

Health: -1/94      AC: 24    Str: 14    XL:     9   Next: 6%
Magic:  9/9        EV:  2    Int:  7    God:
Gold:   1299       SH:  0    Dex: 20    Spells: 8/8 levels left

rFire   . . .        a - +3 long sword
rCold   . . .        v - orb {*Rage}
rNeg    . . .        b - melded +2 leather armour
rPois   +            c - melded +0 helmet
rElec   .            (cloak currently unavailable)
rCorr   .            (gloves currently unavailable)
SInv    .            j - melded +0 pair of boots
Will    .....        (no amulet)
Stlth   ++           q - +5 ring of evasion
HPRegen 0.35/turn    (no ring)
MPRegen 0.11/turn

%: random rage (20%)
@: tree-form, on berserk cooldown, slowed, very slow
A: stationary, stasis, torment immunity, boosted hp, (nimble swimmer 2),
(mertail)
a: no special abilities


You were on level 6 of the Dungeon.
You were a tree.
You visited 2 branches of the dungeon, and saw 7 of its levels.

You collected 1299 gold pieces.

Inventory:

Hand Weapons
 a - a +3 long sword (weapon)
Missiles
 d - 5 throwing nets
 e - a javelin
 g - 71 stones (quivered)
 w - 2 boomerangs
Armour
 b - a +2 leather armour (melded)
 c - a +0 helmet (melded)
 j - a +0 pair of boots (melded)
 t - a +0 tower shield
 v - an orb of wrath (worn)
Jewellery
 m - a ring of flight
 q - a +5 ring of evasion (left branch)
 u - a ring of poison resistance
 y - a ring of see invisible
Wands
 r - a wand of flame (20)
 x - a wand of mindburst (23)
 A - a wand of polymorph (2)
Scrolls
 h - 3 scrolls of teleportation
 k - a scroll of fear
 l - a scroll of blinking
 s - 3 scrolls of identify
 z - 2 scrolls of enchant armour
 B - a scroll of magic mapping {unknown}
Potions
 f - 2 potions of brilliance
 n - 3 potions of curing
 p - a potion of attraction


   Skills:
 - Level 3.0 Fighting
 + Level 12.6 Long Blades
 - Level 2.0 Throwing
 - Level 2.0 Armour
 - Level 5.0 Dodging
 - Level 2.0 Evocations


You had 8 spell levels left.
You didn't know any spells.
Your spell library contained the following spells:

 Spells                   Type           Power      Damage    Failure   Level
 Vampiric Draining        Necr           0%         2d6       80%         3
 Fireball                 Conj/Fire      0%         3d3       100%        5
 Starburst                Conj/Fire      0%         6d3       100%        6


Dungeon Overview and Level Annotations

Branches:
Dungeon (6/15)             Temple (1/1) D:5

Altars:
Cheibriados
Fedhas
Gozag
Hepliaklqana
Kikubaaqudgha
Makhleb
Qazlal
Ru
Sif Muna
Uskayaw
Vehumet
Wu Jian
Xom
Yredelemnul
The Shining One


Innate Abilities, Weirdness & Mutations

You are a tree.
Your roots penetrate the ground, keeping you stationary.
You cannot be teleported.
You are immune to unholy pain and torment.
Your maximum health is greatly increased.
Your equipment is partially melded.
((You are very nimble when in or above water. (Stealth+, EV+, Speed+++)))
((Your lower body shifts to a powerful aquatic tail in water.))


Message History

* * * LOW HITPOINT WARNING * * *
You closely miss the gargoyle.
The gargoyle is severely damaged.
The gargoyle hurls a stone arrow at you.
The stone arrow hits you!
* * * LOW HITPOINT WARNING * * *
The gargoyle hits you but does no damage.
You closely miss the gargoyle.
The gargoyle is severely damaged.
The gargoyle hits you with a +0 mace!
* * * LOW HITPOINT WARNING * * *
You cannot move. (Use ctrl+direction or * direction to attack while stationary and confused.)
You completely miss the gargoyle.
The gargoyle is severely damaged.
The gargoyle hits you but does no damage.
You closely miss the gargoyle.
The gargoyle is severely damaged.
You feel less invigorated.
You feel less confused.
The gargoyle hits you but does no damage.
You feel better.
The gargoyle hits you but does no damage. x2
You hit the gargoyle.
The gargoyle is severely damaged.
The gargoyle hits you but does no damage.
You hit the gargoyle but do no damage.
The gargoyle is severely damaged.
The gargoyle hits you but does no damage.
You barely miss the gargoyle.
The gargoyle is severely damaged.
The gargoyle hits you but does no damage.
You hit the gargoyle.
The gargoyle is severely damaged.
The gargoyle hits you with a +0 mace!
* * * LOW HITPOINT WARNING * * *
You hit the gargoyle.
The gargoyle is almost destroyed.
The gargoyle hits you but does no damage.
The gargoyle hits you with a +0 mace!
You die...

#...# #.##...# #...# #.##.#..
#######.#.# #.##...#
........#.# #.######
##.####.#.# #.# ..#.# #.#.#
###########.# ##.## #.#.#
#...........# #.# #.#.#
#.########### #.# #...# #♣# #.#
##..# #9# #.#####..#### #z#
##########
#...........###.###........####
#######......##'#.............#
#)######8.####.....#.##.#
#.###..'..' #####.#.##.##
#..#..8#.)#8 #.#......
#..#.######## ##.#......


You could see a gargoyle and a wight.

Vanquished Creatures
  Eustachio (D:6)
  A water moccasin (D:6)
  An orc warrior (D:6)
  A sky beast (D:6)
  An ice beast (D:5)
  2 ogres (D:6)
  2 bullfrogs (D:6)
  A wight (D:6)
  4 jellies
  4 hounds
  4 orc priests
  3 sleepcaps
  2 iguanas
  5 orc wizards
  Natasha (thrice) (D:3)
  7 adders
  3 worms
  3 dart slugs
  16 orcs
  5 bats
  9 endoplasms
  2 giant cockroaches
  9 goblins
  7 hobgoblins
  7 jackals
  5 kobolds
  5 quokkas
  13 ball pythons
  2 frilled lizards
  10 rats
138 creatures vanquished.

Notes
Turn   | Place    | Note
-------+----------+-------------------------------------------
     0 | D:1      | Gorgoleon the Merfolk Gladiator began the quest for the
                  | Orb.
     0 | D:1      | Reached XP level 1. HP: 16/16 MP: 1/1
   121 | D:1      | Reached skill level 4 in Long Blades
   129 | D:1      | Reached XP level 2. HP: 19/22 MP: 2/2
   355 | D:1      | Reached XP level 3. HP: 27/27 MP: 3/3
   376 | D:1      | Reached skill level 5 in Long Blades
  1308 | D:2      | Reached XP level 4. HP: 30/33 MP: 4/4
  1431 | D:2      | Reached skill level 6 in Long Blades
  1970 | D:3      | Reached XP level 5. HP: 34/38 MP: 5/5
  2187 | D:3      | Noticed Natasha
  2195 | D:3      | Killed Natasha
  2243 | D:3      | Got Sif Muna's Information on the Pyre and the Morgue
  2277 | D:3      | Noticed Natasha
  2284 | D:3      | Killed Natasha
  2285 | D:3      | Reached skill level 7 in Long Blades
  2368 | D:3      | Noticed Natasha
  2385 | D:3      | Killed Natasha
  2650 | D:4      | Reached XP level 6. HP: 40/46 MP: 6/6
  3176 | D:4      | Reached skill level 1 in Armour
  3333 | D:5      | Entered Level 5 of the Dungeon
  3624 | D:5      | Found a staircase to the Ecumenical Temple.
  3631 | D:5      | Reached skill level 1 in Evocations
  3643 | D:5      | Reached XP level 7. HP: 44/52 MP: 7/7
  3646 | Temple   | Entered the Ecumenical Temple
  4013 | D:5      | Reached skill level 8 in Long Blades
  4013 | D:5      | Reached skill level 5 in Dodging
  4107 | D:5      | Identified the +1 ring mail of Autotheism {rElec Int+5}
  4348 | D:6      | Identified a scroll of acquirement
  4348 | D:6      | Acquired 959 gold pieces
  4534 | D:6      | Reached skill level 9 in Long Blades
  4687 | D:6      | Reached XP level 8. HP: 41/58 MP: 8/8
  4850 | D:6      | Reached skill level 10 in Long Blades
  4920 | D:6      | Reached skill level 11 in Long Blades
  5230 | D:6      | Noticed Eustachio
  5239 | D:6      | Reached skill level 12 in Long Blades
  5362 | D:6      | Killed Eustachio
  5363 | D:6      | Reached XP level 9. HP: 63/63 MP: 9/9
  5434 | D:6      | Noticed a gargoyle
  5462 | D:6      | HP: 3/94 [gargoyle/+0 mace (9)]
  5470 | D:6      | Slain by a gargoyle

Illustrated notes

Levels and vault maps discovered:
D:1:      dpeg_arrival_tiny_a, layout_basic, nicolae_wormholes
D:2:      layout_loops_cross, minmay_tetromino_i2
D:3:      layout_rooms, minmay_goblin_outpost, uniq_natasha
D:4:      layout_basic, minmay_cupped
D:5:      layout_loops_corners, minmay_temple_entry_proselytizer,
          nrook_mini_vaults
D:6:      minmay_chambers_of_sixes, layout_loops_ring, uniq_eustachio
Temple:   eino_wide_crystal_templ

Skill      XL: |  1  2  3  4  5  6  7  8 |
---------------+-------------------------+-----
Long Blades    | 4 5 6 7 9 12 | 12.6
Fighting       | 3 |  3.0
Armour         | 1 2 |  2.0
Evocations     | 1 2 |  2.0
Dodging        | 5 |  5.0
Throwing       | |  2.0

Action                     |  1- 3 |  4- 6 |  7- 9 || total
---------------------------+-------+-------+-------++-------
  Melee: Long sword        |   124 |   194 |   158 ||   476
         Punch             |     2 |     2 |     2 ||     6
  Throw: Stone             |       |     1 |       ||     1
    Use: Scroll            |       |    11 |     5 ||    16
         Potion            |       |     1 |     4 ||     5
   Stab: Sleeping          |     1 |     1 |       ||     2
         Distracted        |       |       |     1 ||     1
 Armour: Leather armour    |    41 |    39 |    17 ||    97
         Skin              |       |       |    12 ||    12
  Dodge: Dodged            |    90 |   153 |    94 ||   337
